 Dungeon Sprint DCSS version 0.32-a0-909-gc671339a80 (webtiles) character file.

Game seed: 14954445633186798610

1500000 Griffin23 the Crack Shot (level 11, 0/86 HPs)
             Began as a Formicid Hunter on Apr 6, 2024.
             Was a Follower of Makhleb.
             Slain by a meat berserker
             ... wielding a +9 battleaxe
              (52 damage)
             ... in the Dungeon (Sprint VIII: "Arena of Blood").
             The game lasted 00:00:45 (15 turns).

Griffin23 the Crack Shot (Formicid Hunter)            Turns: 15, Time: 00:00:45

Health: 0/86       AC:  3    Str: 18    XL:     11   Next: 25%
Magic:  11/11      EV: 15    Int:  9    God:    Makhleb [*.....]
Gold:   0          SH:  0    Dex: 19    Spells: 10/10 levels left

rFire   . . .        g - +∞ Axe of Woe
rCold   . . .        (no shield)
rNeg    . . .        c - +0 leather armour
rPois   .            (helmet unavailable)
rElec   .            (no cloak)
rCorr   .            (no gloves)
SInv    +            (no boots)
Will    +....        (no amulet)
Stlth   ++           (no ring)
HPRegen 0.34/turn    (no ring)
MPRegen 0.12/turn

%: no passive effects
@: no status effects
A: permanent stasis, dig shafts and tunnels, antennae 3, four strong arms
a: Dig, Renounce Religion


You were in the Dungeon.
You worshipped Makhleb.
Makhleb was aware of your devotion.
You visited 1 branch

Inventory:

Hand Weapons
 a - a +0 shortbow
 g - the +∞ Axe of Woe (weapon)
   (You found it in the Dungeon)
Armour
 c - a +0 leather armour (worn)
Scrolls
 b - a scroll of butterflies
Potions
 d - a potion of curing
 e - a potion of heal wounds
 f - 2 potions of magic


   Skills:
 + Level 8.0 Fighting
 * Level 4.3 Axes
 - Level 23.0 Ranged Weapons
 + Level 0.0 Armour
 + Level 6.7 Dodging
 + Level 3.5 Stealth


You had 10 spell levels left.
You didn't know any spells.
Your spell library was empty.

Dungeon Overview and Level Annotations

Branches:
Dungeon (1/1)

Altars:
Makhleb


Innate Abilities, Weirdness & Mutations

You cannot be hasted, slowed, berserked, paralysed or teleported.
You can dig through walls and to a lower floor.
You have a pair of large antennae on your head. (SInv)
Your four strong arms can wield two-handed weapons with a shield.


Message History

A meat berserker comes into view. It is wielding a +9 battleaxe.
The bag of meat moves out of view. 2 bags of meat and a meat berserker come into view.
The bag of meat shouts!
The meat berserker shouts!
You hear a shout!
You hear two shouts!
A bag of meat comes into view. It is wielding a +9 war axe.
A bag of meat comes into view. It is wielding a +9 war axe.
The bag of meat shouts! x2; You hear two shouts!
You hear a shout! x3
A bag of meat comes into view. It is wielding a +9 war axe.
The meat berserker rages.
A bag of meat comes into view. It is wielding a +9 war axe. x3
You hear a shout! x2 2 large bags of meat, 3 bags of meat and 2 meat berserkers come into view.
The large bag of meat shouts in stereo!
The bag of meat shouts!
The meat berserker shouts!
You hear a shout!
The meat berserker rages. 5 bags of meat come into view.
The meat berserker appears out of thin air!
A meat berserker comes into view. It is wielding a +9 battleaxe.
The bag of meat shouts! x7; The meat berserker shouts!
The bag of meat shouts!
You hear a shout! x3
A bag of meat comes into view. It is wielding a +9 war axe. x3
You hear a shout!
The bag of meat shouts! x2; You hear a shout!
The bag of meat shouts! x3
You slash the meat berserker!
You butcher the meat berserker messily.
You kill the meat berserker!
Makhleb accepts your kill.
You can now gain health from killing.
You slash the bag of meat!
You slaughter the bag of meat joyfully.
You kill the bag of meat!
Makhleb accepts your kill.
The bag of meat appears out of thin air!
A bag of meat comes into view. It is wielding a +9 war axe.
The bag of meat shouts!
You hear a shout! x3
The meat berserker hits you with a +9 battleaxe!!
A bag of meat comes into view. It is wielding a +9 war axe. x5
The meat berserker rages.
A bag of meat comes into view. It is wielding a +9 war axe.
The meat berserker hits you with a +9 battleaxe!!!
Ouch! That really hurt!
You die...

o####..o..##.#
#o...ooooo.....
#o.......o.#.#.
#....oo..Oo..... .
#.oo.Oo.o......
...#oo....o......
.....o)oo...o....
......)@Oo.......
.......#O......#{
.#.....#.O.....#
..o..###O......###.
....O.....###......
o.#........_......
# ......#)....#..
.......#_.<._#{
......#....O#


You could see 2 large bags of meat, 5 meat berserkers and 27 bags of meat.

Vanquished Creatures
  An ogre (D)
  2 orcs (D)
3 creatures vanquished.

Notes
Turn   | Place    | Note
-------+----------+-------------------------------------------
     0 | D        | Found the +∞ Axe of Woe
     0 | D        | Griffin23 the Formicid Hunter began the quest for the Orb.
     0 | D        | Reached XP level 1. HP: 16/16 MP: 1/1
     2 | D        | Noticed a bag of meat
     3 | D        | Noticed a bag of meat
     4 | D        | Became a worshipper of Makhleb the Destroyer
     7 | D        | Killed a bag of meat
     8 | D        | Reached skill level 23 in Ranged Weapons
     8 | D        | Reached XP level 2. HP: 32/32 MP: 2/2
     8 | D        | Reached XP level 3. HP: 37/37 MP: 3/3
     8 | D        | Reached XP level 4. HP: 44/44 MP: 4/4
     8 | D        | Reached XP level 5. HP: 49/49 MP: 5/5
     8 | D        | Reached XP level 6. HP: 56/56 MP: 6/6
     8 | D        | Reached XP level 7. HP: 62/62 MP: 7/7
     8 | D        | Reached XP level 8. HP: 68/68 MP: 8/8
     8 | D        | Reached XP level 9. HP: 74/74 MP: 9/9
     8 | D        | Reached XP level 10. HP: 80/80 MP: 10/10
     8 | D        | Reached XP level 11. HP: 86/86 MP: 11/11
     8 | D        | Noticed a bag of meat
     8 | D        | Noticed a meat berserker
    10 | D        | Noticed a bag of meat
    10 | D        | Noticed a bag of meat
    10 | D        | Noticed a bag of meat
    10 | D        | Noticed a meat berserker
    11 | D        | Noticed a bag of meat
    11 | D        | Noticed a bag of meat
    11 | D        | Noticed a meat berserker
    11 | D        | Noticed a bag of meat
    12 | D        | Noticed a bag of meat
    12 | D        | Noticed a bag of meat
    12 | D        | Noticed a bag of meat
    12 | D        | Noticed a bag of meat
    12 | D        | Noticed a bag of meat
    13 | D        | Noticed a large bag of meat
    13 | D        | Noticed a large bag of meat
    13 | D        | Noticed a bag of meat
    13 | D        | Noticed a bag of meat
    13 | D        | Noticed a bag of meat
    13 | D        | Noticed a meat berserker
    13 | D        | Noticed a meat berserker
    14 | D        | Noticed a bag of meat
    14 | D        | Noticed a bag of meat
    14 | D        | Noticed a bag of meat
    14 | D        | Noticed a bag of meat
    14 | D        | Noticed a bag of meat
    14 | D        | Noticed a meat berserker
    14 | D        | Noticed a bag of meat
    14 | D        | Noticed a bag of meat
    14 | D        | Noticed a bag of meat
    15 | D        | Killed a meat berserker
    15 | D        | Reached * piety under Makhleb
    15 | D        | Killed a bag of meat
    15 | D        | Noticed a bag of meat
    15 | D        | Noticed a bag of meat
    15 | D        | Noticed a bag of meat
    15 | D        | Noticed a bag of meat
    15 | D        | Noticed a bag of meat
    15 | D        | Noticed a bag of meat
    15 | D        | Noticed a bag of meat
    15 | D        | Slain by a meat berserker

Illustrated notes

Levels and vault maps discovered:
D:        meatsprint

Skill      XL: |  1 |
---------------+----+-----
Fighting       | 8 |  8.0
Axes           | 4 |  4.3
Ranged Weapons | 23 | 23.0
Dodging        | 6 |  6.7
Stealth        | 3 |  3.5

Action                     |  1- 3 |  4- 6 |  7- 9 | 10-12 || total
---------------------------+-------+-------+-------+-------++-------
  Melee: Executioner's axe |     1 |       |       |     1 ||     2
 Armour: Leather armour    |       |       |       |     2 ||     2

Table legend: (Time is in decaauts)
 A = Elapsed time spent in this place.
 B = Non-inter-level travel time spent in this place.
 C = Inter-level travel time spent in this place.
 D = Time resting spent in this place.
 E = Time spent auto-exploring this place.
 F = Levels seen in this place.
 G = Mean time per level.
                   A        B        C        D        E       F      G
               +--------+--------+--------+--------+--------+-----+--------+
         Total |     15 |     15 |      0 |      0 |      0 |   1 |   15.0 |
       Dungeon |     15 |     15 |      0 |      0 |      0 |   1 |   15.0 |
               +--------+--------+--------+--------+--------+-----+--------+

Top non-repeatable levels by time:
       D: 15 daAuts
